 Dungeon Crawl Stone Soup version 0.28.0-53-g5a82cb258f (webtiles) character file.

Game seed: 9790145047415129959

60 Peloso the Covered (level 3, -2/33 HPs)
             Began as a Minotaur Fighter on June 7, 2022.
             Slain by a gnoll
             ... wielding a +0 club
              (3 damage)
             ... on level 2 of the Dungeon.
             The game lasted 00:02:02 (1279 turns).

Peloso the Covered (Minotaur Fighter)               Turns: 1279, Time: 00:02:03

Health: -2/33      AC:  7    Str: 20    XL:     3   Next: 80%
Magic:  2/2        EV:  9    Int:  5    God:
Gold:   51         SH:  4    Dex: 11    Spells: 2/2 levels left

rFire   . . .      SeeInvis .   a - +0 long sword
rCold   + . .      Faith    .   c - +0 buckler
rNeg    . . .      Spirit   .   b - +0 scale mail
rPois   .          Reflect  .   (helmet restricted)
rElec   .          Harm     .   (no cloak)
rCorr   +          Rampage  .   (no gloves)
Will    .....                   (no boots)
Stlth   ..........              (no amulet)
HPRegen 0.11/turn               h - ring of resist corrosion
MPRegen 0.08/turn               l - ring of protection from cold

@: no status effects
A: horns 2, retaliatory headbutt
a: no special abilities


You were on level 2 of the Dungeon.
You visited 1 branch of the dungeon, and saw 2 of its levels.

You collected 51 gold pieces.

Inventory:

Hand Weapons
 a - a +0 long sword (weapon)
Armour
 b - a +0 scale mail (worn)
 c - a +0 buckler (worn)
Jewellery
 h - a ring of resist corrosion (left hand)
 l - a ring of protection from cold (right hand)
Scrolls
 f - a scroll of acquirement
Potions
 d - a potion of might
 e - a potion of heal wounds {unknown}
 k - a potion of curing


   Skills:
 + Level 4.2 Fighting
 + Level 3.1 Long Blades
 + Level 4.3 Armour
 + Level 0.4 Dodging
 + Level 0.1 Stealth
 + Level 4.1 Shields


You had 2 spell levels left.
You didn't know any spells.
Your spell library contained the following spells:

 Spells                   Type           Power      Damage    Failure   Level
 Summon Guardian Golem    Hex/Summ       0%         N/A       99%         3
 Blade Hands              Tmut           0%         N/A       100%        5
 Irradiate                Conj/Tmut      0%         3d14      100%        5
 Dragon Form              Tmut           0%         N/A       100%        7
 Orb of Destruction       Conj           0%         9d5       100%        7
 Spellforged Servitor     Conj/Summ      0%         N/A       100%        7


Dungeon Overview and Level Annotations

Branches:
Dungeon (2/15)

Altars:


Innate Abilities, Weirdness & Mutations

You have a pair of horns on your head.
You reflexively headbutt those who attack you in melee.


Message History

The gnoll hits you with a +0 club. The gnoll hits you but does no damage.
You barely miss the gnoll. You headbutt the gnoll.
The gnoll is severely wounded.
You block the gnoll's attack. The gnoll hits you with a +0 club.
You closely miss the gnoll.
The gnoll is severely wounded.
The gnoll barely misses you. You furiously retaliate!
You headbutt the gnoll!
You kill the gnoll!
The gnoll hits you from afar with a +0 spear.
The gnoll hits you but does no damage. x2
The gnoll hits you from afar with a +0 spear.
The gnoll hits you with a +0 club. The gnoll hits you but does no damage.
Things that are here:
a +0 club; a gnoll corpse You hit the gnoll but do no damage.
You block the gnoll's attack. The gnoll hits you with a +0 spear.
You slash the gnoll!
The gnoll is severely wounded.
The gnoll barely misses you. The gnoll closely misses you.
You hit the gnoll.
The gnoll is severely wounded.
The gnoll hits you but does no damage. The gnoll hits you with a +0 spear.
You barely miss the gnoll.
You headbutt the gnoll, but do no damage.
The gnoll is severely wounded.
The gnoll completely misses you. The gnoll hits you but does no damage.
The gnoll barely misses you. The gnoll hits you with a +0 spear.
You closely miss the gnoll.
You headbutt the gnoll, but do no damage.
The gnoll is severely wounded.
The gnoll hits you with a +0 club.
* * * LOW HITPOINT WARNING * * *
The gnoll hits you with a +0 spear.
* * * LOW HITPOINT WARNING * * *
You barely miss the gnoll.
The gnoll is severely wounded.
The gnoll hits you with a +0 spear.
* * * LOW HITPOINT WARNING * * *
The gnoll hits you with a +0 club.
You die...

.# ... #.# #.#
#### #.##...
##..#.####..
#.......##..
#g..# #.. #@#.#
#.# #..g.#!##
#.# #.####..#
#.# #
##.####.## #
#.......# #
##......##### #
..............#
#
####.#.#.##.###
# #.....<..# #


You could see 2 gnolls.

Vanquished Creatures
  A gnoll (D:2)
  An adder (D:2)
  A dart slug (D:1)
  3 endoplasms
  2 giant cockroaches (D:1)
  3 goblins (D:1)
  2 hobgoblins (D:1)
  8 jackals (D:1)
  A quokka (D:1)
  4 ball pythons
  4 bats
  A frilled lizard (D:1)
  A kobold (D:1)
  4 rats
36 creatures vanquished.

Notes
Turn   | Place    | Note
-------+----------+-------------------------------------------
     0 | D:1      | Peloso the Minotaur Fighter began the quest for the Orb.
     0 | D:1      | Reached XP level 1. HP: 19/19 MP: 0/0
    96 | D:1      | Noticed a floating eye
    97 | D:1      | Found a faded altar of an unknown god.
   101 | D:1      | Noticed a great orb of eyes
   101 | D:1      | Noticed a floating eye
   101 | D:1      | Noticed a floating eye
   111 | D:1      | Reached XP level 2. HP: 26/27 MP: 1/1
   594 | D:1      | Reached XP level 3. HP: 32/33 MP: 2/2
  1262 | D:2      | Identified a scroll of acquirement
  1279 | D:2      | HP: 1/33 [gnoll/+0 spear (3)]
  1279 | D:2      | Slain by a gnoll

Illustrated notes

Levels and vault maps discovered:
D:1:      heliophobic_arrival_ceremonial_halls, layout_loops_ring,
          hellmonk_ecumenical_altar_watching_god, hangedman_decor_slide_cut
D:2:      layout_basic

Skill      XL: |  1  2  3 |
---------------+----------+-----
Fighting       | 4 |  4.2
Armour         | 4 |  4.3
Shields        | 4 |  4.1
Long Blades    | 3 |  3.1
Dodging        | |  0.4
Stealth        | |  0.1

Action                   || total
-------------------------++-------
Melee: Long sword        ||    85
       Headbutt          ||    12
  Use: Scroll            ||     3
Armor: Scale mail        ||    48
Dodge: Dodged            ||    52
Block: Buckler           ||    22
